 Dungeon Crawl Stone Soup version 0.32-a0-38-gb04dd89b9b (webtiles) character file.

Game seed: 15057167403625811103

2536 Dittersdorf the Covered (level 9, -3/58 HPs)
             Began as a Gargoyle Fighter on Jan 23, 2024.
             Was an Initiate of Gozag.
             Slain by a yak (12 damage)
             ... on level 7 of the Dungeon.
             The game lasted 00:07:52 (6400 turns).

Dittersdorf the Covered (Gargoyle Fighter)          Turns: 6400, Time: 00:07:52

Health: -3/58      AC: 16    Str: 24    XL:     9   Next: 55%
Magic:  9/9        EV:  9    Int:  9    God:    Gozag
Gold:   776        SH: 14    Dex:  9    Spells: 8/8 levels left

rFire   + . .        i - +2 flail (venom)
rCold   + . .        r - +0 kite shield
rNeg    + + .        l - +2 ring mail {rC+}
rPois   ∞            (no helmet)
rElec   +            (no cloak)
rCorr   .            j - +0 pair of gloves
SInv    .            (no boots)
Will    .....        e - amulet of reflection Stlth
                     u - ring of protection from fire
HPRegen 0.29/turn    w - ring of positive energy
MPRegen 0.11/turn

%: reflection
@: gold aura
A: sickness immunity, AC +6, negative energy resistance 1, electricity
resistance, torment resistance 1, petrification resistance
a: Renounce Religion, Potion Petition, Call Merchant, Bribe Branch


You were on level 7 of the Dungeon.
You worshipped Gozag.
Gozag was pleased with you.
You visited 2 branches of the dungeon, and saw 8 of its levels.

You collected 830 gold pieces.
You paid 54 gold pieces to Gozag.

Inventory:

Hand Weapons
 i - a +2 flail of venom (weapon)
Armour
 j - a +0 pair of gloves (worn)
 l - a +2 ring mail of cold resistance (worn)
 r - a +0 kite shield (worn)
Jewellery
 e - an amulet of reflection (around neck)
 u - a ring of protection from fire (left hand)
 w - a ring of positive energy (right hand)
Wands
 p - a wand of iceblast (12)
 v - a wand of flame (17) (quivered)
 x - a wand of digging (5)
Scrolls
 b - a scroll of enchant weapon
 f - 2 scrolls of blinking
Potions
 c - a potion of cancellation
 d - 3 potions of might
 g - a potion of haste
 h - 2 potions of attraction {unknown}
 q - a potion of enlightenment


   Skills:
 + Level 7.6 Fighting
 + Level 6.6 Maces & Flails
 + Level 7.7 Armour
 + Level 7.6 Shields


You had 8 spell levels left.
You didn't know any spells.
Your spell library contained the following spells:

 Spells                   Type           Power      Damage    Failure   Level
 Frozen Ramparts          Ice            0%         1d1       98%         3
 Dispel Undead            Necr           0%         3d6       100%        4
 Leda's Liquefaction      Alch/Erth      0%         N/A       100%        4
 Martyr's Knell           Necr/Summ      0%         N/A       100%        4
 Petrify                  Alch/Erth      0%         N/A       100%        4
 Metabolic Englaciation   Hex/Ice        0%         N/A       100%        5
 Death Channel            Necr           0%         N/A       100%        6
 Cigotuvi's Dreadful Rot  Necr/Alch/Air  Unusable   N/A       N/A         2

Dungeon Overview and Level Annotations

Branches:
Dungeon (7/15)             Temple (1/1) D:4

Altars:
Ashenzari
Cheibriados
Dithmenos
Elyvilon
Fedhas
Gozag
Hepliaklqana
Kikubaaqudgha
Makhleb
Nemelex Xobeh
Okawaru
Qazlal
Ru
Sif Muna
Trog
Uskayaw
Wu Jian
Xom
Yredelemnul
Zin
The Shining One

Shops:
D:6 *


Innate Abilities, Weirdness & Mutations

You are immune to sickness and miasma.
Your stone body is resilient. (AC +6)
You are immune to poison.
You resist negative energy. (rN+)
You are resistant to electric shocks. (rElec)
You are resistant to unholy torment.
You are immune to petrification.


Message History

The yak gores you!
* * * LOW HITPOINT WARNING * * *
You hit the yak but do no damage.
The yak is moderately wounded.
The yak gores you but does no damage.
You sock the yak!
The yak looks as sick as possible!
The yak is severely wounded.
The yak gores you but does no damage.
You hit the yak but do no damage.
The yak looks as sick as possible!
The yak is severely wounded.
The yak gores you!
* * * LOW HITPOINT WARNING * * *
You hit the yak.
The yak is almost dead.
You block the yak's attack.
You hit the yak but do no damage.
The yak looks as sick as possible!
The yak is almost dead.
You kill the yak!
The yak is distracted by your dazzling golden aura.
The yak gores you.
* * * LOW HITPOINT WARNING * * *
The yak bellows!
You sock the yak!
You kill the yak!
You barely miss the yak.
The yak is no longer distracted by gold.
The yak gores you.
* * * LOW HITPOINT WARNING * * *
You block the yak's attack.
You sock the yak!
The yak is moderately wounded.
You block the yak's attack.
You sock the yak!
The yak is poisoned.
The yak is heavily wounded.
You block the yak's attack.
You sock the yak!
The yak looks as sick as possible!
The yak is almost dead.
The yak gores you!
You die...
Your body crumbles into a pile of gold.

#........................
#......(.................
#........................
#......##.....##......##.
#......##.....##......##..
#.......#.....)#..........
##.....##......#.........
#######.......'.........
#....####@##...## .
##...####Y##...###..
#.....#..Y..........
#.....#.............
##....#.............
##....#.............
#.....#.............
#....##...##....##..
#.....######....# #


You could see 2 yaks.

Vanquished Creatures
  Grinder (D:3)
  2 yaks (D:7)
  A water moccasin (D:5)
  An ice beast (D:6)
  An orc warrior (D:7)
  A sky beast (D:6)
  A black bear (D:4)
  An ogre (D:7)
  2 phantoms
  A gnoll sergeant (D:7)
  6 scorpions
  A howler monkey (D:6)
  3 hounds
  2 bombardier beetles (D:6)
  2 jellies
  A gnoll bouda (D:3)
  4 orc priests
  3 sleepcaps
  Ijyb (D:2)
  4 iguanas
  11 gnolls
  8 adders
  A white imp (D:6)
  A ribbon worm (D:2)
  2 dart slugs (D:1)
  16 orcs
  7 ball pythons
  6 endoplasms
  3 giant cockroaches
  9 goblins
  10 hobgoblins
  3 jackals
  7 kobolds
  A quokka (D:2)
  10 bats
  5 frilled lizards
  5 rats
144 creatures vanquished.

Vanquished Creatures (others)
  A bombardier beetle (D:5)
  2 jackals (D:3)
3 creatures vanquished.

Grand Total: 147 creatures vanquished

Notes
Turn   | Place    | Note
-------+----------+-------------------------------------------
     0 | D:1      | Dittersdorf the Gargoyle Fighter began the quest for the
                  | Orb.
     0 | D:1      | Reached XP level 1. HP: 14/14 MP: 1/1
    67 | D:1      | Reached XP level 2. HP: 19/19 MP: 2/2
   402 | D:1      | Reached XP level 3. HP: 14/23 MP: 3/3
  1062 | D:2      | Reached XP level 4. HP: 29/29 MP: 4/4
  1631 | D:3      | Found a shimmering altar of Xom.
  1668 | D:3      | Reached XP level 5. HP: 25/33 MP: 5/5
  1713 | D:3      | Noticed Ijyb
  1817 | D:2      | Killed Ijyb
  1926 | D:3      | Found a hazy altar of Hepliaklqana.
  2141 | D:3      | Noticed Grinder
  2147 | D:3      | Paralysed by Grinder for 5 turns
  2153 | D:3      | Killed Grinder
  2154 | D:3      | Reached XP level 6. HP: 32/40 MP: 6/6
  2572 | D:4      | Found a staircase to the Ecumenical Temple.
  2693 | Temple   | Entered the Ecumenical Temple
  2702 | Temple   | Became a worshipper of Gozag Ym Sagoz the Greedy
  2748 | D:4      | Reached skill level 5 in Fighting
  2748 | D:4      | Reached skill level 5 in Armour
  2748 | D:4      | Reached skill level 5 in Shields
  2786 | D:4      | Reached XP level 7. HP: 44/44 MP: 7/7
  3781 | D:5      | Entered Level 5 of the Dungeon
  4074 | D:5      | Reached XP level 8. HP: 50/51 MP: 8/8
  4244 | D:5      | Reached skill level 5 in Maces & Flails
  4298 | D:5      | Found a shimmering blue altar of Sif Muna.
  5198 | D:6      | Found Ufiunauh's Assorted Antiques.
  5525 | D:6      | Reached XP level 9. HP: 56/56 MP: 9/9
  6400 | D:7      | Slain by a yak

Illustrated notes

Levels and vault maps discovered:
D:1:      minmay_arrival_stone_box, layout_loops_ring, wad_floor_pattern_2,
          hangedman_decor_growths, minmay_vboxes
D:2:      layout_loops_ring, serial_bayou_pond_e
D:3:      layout_basic, mainiacjoe_overflow_cross_hatched,
          mainiacjoe_overflow_tiny_flanked, uniq_ijyb, uniq_grinder
D:4:      layout_basic, minmay_temple_entry_statues, grunt_ministairs_2
D:5:      old_forge, layout_loops_ring, lemuel_coloured_pillars_altar
D:6:      layout_basic, serial_shops, nicolae_diamond_shop
D:7:      layout_gridville, feat_on_display
Temple:   nicolae_temple_two_arcs

Skill      XL: |  1  2  3  4  5  6  7  8  9 |
---------------+----------------------------+-----
Shields        | 4 5 6 7 |  7.6
Fighting       | 4 5 6 7 |  7.6
Armour         | 4 5 6 7 |  7.7
Maces & Flails | 3 4 5 6 |  6.6

Action                     |  1- 3 |  4- 6 |  7- 9 || total
---------------------------+-------+-------+-------++-------
  Melee: Flail             |   157 |   135 |   356 ||   648
    Use: Scroll            |       |       |    14 ||    14
 Armour: Scale mail        |    39 |       |       ||    39
         Chain mail        |   101 |       |       ||   101
         Ring mail         |       |    75 |   218 ||   293
  Dodge: Dodged            |    84 |    64 |   121 ||   269
  Block: Buckler           |    47 |    93 |    25 ||   165
         Kite shield       |       |       |   280 ||   280
         Reflection        |       |       |     2 ||     2

Table legend: (Time is in decaauts)
 A = Elapsed time spent in this place.
 B = Non-inter-level travel time spent in this place.
 C = Inter-level travel time spent in this place.
 D = Time resting spent in this place.
 E = Time spent auto-exploring this place.
 F = Levels seen in this place.
 G = Mean time per level.
                   A        B        C        D        E       F      G
               +--------+--------+--------+--------+--------+-----+--------+
         Total |   6579 |   6327 |    252 |    480 |   4324 |   8 |  822.4 |
       Dungeon |   6560 |   6324 |    236 |    480 |   4324 |   7 |  937.1 |
        Temple |     18 |      2 |     16 |      0 |      0 |   1 |   18.0 |
               +--------+--------+--------+--------+--------+-----+--------+

Top non-repeatable levels by time:
     D:4: 1198 daAuts
     D:6: 1173 daAuts
     D:5: 1135 daAuts
     D:2: 920 daAuts
     D:3: 879 daAuts
     D:1: 868 daAuts
     D:7: 385 daAuts
  Temple: 18 daAuts
